Map: Ascension to Aiur LE

Players

Denver - Winner!

  • Race: Zerg Zerg
  • Spawn Location: 5:00

Strange

  • Race: Protoss Protoss
  • Spawn Location: 11:00

Event: WCS Valencia 2017

VOD

Have the link to the VOD?

Description

Time

  • Played on: July 13, 2017, 11:47 a.m.
  • Length: 12:33

All games in this series

Show
View Real Time Build Order
Export as new Build Order

Denver Zerg - Winner!

Build Orders: Hatch First 

Get SALT Encoding   

  12  0:00  Drone  
  13  0:12  Overlord  
  13  0:17  Drone  
  14  0:31  Drone x2  
  14  0:35  Drone  
  17  0:52  Hatchery  
  17  0:55  Drone  
  17  0:59  Extractor  
  17  1:00  Drone  
  17  1:14  Spawning Pool  
  17  1:18  Drone  
  17  1:22  Drone  
  18  1:29  Drone  
  19  1:39  Overlord  
  19  1:50  Drone  
  20  2:01  Queen, Metabolic Boost  
  20  2:03  Queen  
  20  2:07  Zergling x2  
  25  2:10  Zergling x2  
  25  2:14  Drone  
  27  2:16  Drone  
  27  2:22  Drone  
  29  2:33  Drone  
  30  2:41  Hatchery  
  30  2:43  Drone x2  
  31  2:46  Drone  
  32  2:54  Baneling Nest  
  32  2:56  Zergling x2  
  32  2:57  Zergling x2  
  33  3:01  Overlord  
  34  3:05  Zergling x2  
  34  3:12  Zergling x4  
  36  3:17  Overlord  
  36  3:21  Zergling x6  
  36  3:23  Zergling x2  
  40  3:31  Zergling x4  
  42  3:34  Overlord  
  42  3:41  Baneling x4  
  42  3:47  Zergling x2  
  42  3:48  Zergling x6  
  46  3:53  Drone x2  
  48  3:58  Drone  
  48  4:02  Drone x2  
  51  4:05  Drone  
  51  4:09  Drone x2  
  54  4:15  Drone x2  
  54  4:16  Drone x2  
  58  4:22  Overlord  
  58  4:24  Drone  
  58  4:28  Lair  
  58  4:31  Drone  
  58  4:36  Extractor, Drone x2  
  58  4:37  Drone  
  61  4:38  Drone  
  61  4:40  Overlord  
  62  4:48  Roach Warren  
  62  4:49  Overlord  
  60  4:54  Zergling x6  
  60  4:58  Overlord  
  61  5:02  Queen  
  61  5:05  Zergling x4  
  65  5:10  Spore Crawler  
  65  5:11  Drone x2  
  66  5:14  Spore Crawler  
  66  5:15  Drone  
  63  5:30  Roach  
  63  5:31  Roach x5  
  67  5:36  Roach x3  
  67  5:41  Glial Reconstitution  
  71  5:42  Extractor  
  71  5:43  Extractor  
  71  5:44  Drone x2  
  71  5:45  Drone  
  71  5:48  Overlord  
  72  5:50  Roach  
  72  5:55  Drone x3  
  77  5:58  Overseer  
  77  6:00  Overlord  
  77  6:02  Drone x2  
  79  6:05  Roach  
  79  6:07  Roach  
  82  6:11  Zergling x4  
  82  6:12  Zergling x2  
  82  6:16  Zergling x6  
  85  6:21  Ravager x2  
  85  6:23  Zergling x6  
  85  6:25  Roach  
  92  6:28  Roach  
  92  6:29  Roach  
  96  6:34  Ravager  
  96  6:35  Zergling x6  
  96  6:36  Zergling x2  
  101  6:42  Overlord  
  101  6:46  Overlord x2  
  99  6:55  Overlord x2  
  98  7:04  Roach  
  98  7:05  Roach x4  
  106  7:21  Roach  
  106  7:22  Roach x6  
  95  7:34  Roach x3  
  94  7:50  Drone x4  
  98  7:58  Drone x2  
  100  8:02  Drone  
  101  8:05  Overlord  
  101  8:08  Drone  
  93  8:24  Roach  
  93  8:25  Roach x3  
  93  8:26  Overlord  
  90  8:37  Roach x3  
  90  8:41  Zergling x4  
  90  8:51  Ravager x3  
  90  8:52  Ravager x2  
  90  8:54  Zergling x6  
  94  9:04  Zergling x4  
  84  9:13  Zergling x2  
  79  9:20  Spire  
  72  9:28  Zergling x12  
  72  9:29  Zergling x2  
  72  9:30  Hatchery  
  78  9:38  Zergling x6  
  78  9:39  Zergling x2  
  78  9:44  Roach  
  81  9:50  Roach x2  
  81  9:51  Roach x2  
  86  9:58  Roach x2  
  84  10:01  Roach  
  88  10:07  Roach x3  
  92  10:19  Roach x3  
  94  10:24  Overlord  
  93  10:34  Drone x5  
  93  10:35  Drone  
  98  10:42  Overseer  
  98  10:45  Mutalisk x2  
  102  10:52  Mutalisk  
  104  11:01  Zergling x10  
  109  11:05  Overseer  
  109  11:09  Overlord  
  108  11:18  Roach x4  
  99  11:29  Roach  
  99  11:30  Roach x3  
  93  11:39  Roach x3  
  94  11:46  Roach x2  
  98  11:58  Roach x4  
  105  12:01  Ravager  
Show
View Real Time Build Order
Export as new Build Order

Strange Protoss 

Build Orders: 1 Gate Expand 

Get SALT Encoding   

  12  0:00  Probe (Chrono Boost)  
  13  0:11  Probe (Chrono Boost)  
  14  0:17  Pylon  
  14  0:22  Probe (Chrono Boost)  
  15  0:35  Probe (Chrono Boost)  
  16  0:37  Gateway  
  16  0:46  Probe (Chrono Boost)  
  16  0:47  Assimilator  
  17  0:56  Probe (Chrono Boost)  
  18  1:07  Probe (Chrono Boost)  
  19  1:21  Nexus  
  19  1:24  Probe (Chrono Boost)  
  20  1:35  Cybernetics Core  
  20  1:38  Probe (Chrono Boost)  
  21  1:44  Assimilator  
  21  1:48  Probe (Chrono Boost)  
  21  1:53  Pylon  
  22  1:59  Probe (Chrono Boost)  
  23  2:11  Probe (Chrono Boost), Stalker (Chrono Boost), Warp Gate (Chrono Boost)  
  26  2:23  Twilight Council  
  26  2:24  Probe  
  27  2:31  Probe  
  27  2:36  Probe  
  29  2:42  Probe, Adept (Chrono Boost)  
  32  2:48  Probe  
  33  2:56  Resonating Glaives (Chrono Boost)  
  34  3:00  Probe  
  34  3:09  Gateway  
  34  3:10  Gateway  
  34  3:12  Adept (Chrono Boost)  
  36  3:14  Probe  
  36  3:17  Probe  
  38  3:26  Probe  
  39  3:28  Pylon  
  39  3:29  Probe  
  39  3:33  Adept (Chrono Boost)  
  40  3:38  Probe  
  43  3:44  Pylon, Mothership Core (Chrono Boost)  
  45  3:48  Pylon  
  45  3:49  Pylon  
  45  3:54  Pylon  
  42  4:04  Probe (Chrono Boost)  
  42  4:08  Probe (Chrono Boost)  
  44  4:10  Sentry  
  44  4:11  Sentry, Stalker  
  44  4:16  Probe (Chrono Boost)  
  51  4:20  Probe (Chrono Boost)  
  52  4:26  Assimilator  
  52  4:27  Probe (Chrono Boost), Robotics Facility  
  52  4:30  Probe (Chrono Boost)  
  54  4:35  Pylon, Stalker  
  54  4:37  Probe (Chrono Boost)  
  57  4:41  Probe (Chrono Boost)  
  57  4:44  Assimilator  
  58  4:48  Probe (Chrono Boost)  
  58  4:49  Sentry  
  58  4:51  Probe (Chrono Boost)  
  62  4:58  Probe (Chrono Boost)  
  62  4:59  Gateway  
  63  5:01  Gateway  
  63  5:02  Probe (Chrono Boost)  
  63  5:05  Gateway  
  63  5:06  Gateway  
  64  5:10  Gateway  
  64  5:14  Observer (Chrono Boost)  
  65  5:16  Sentry  
  67  5:25  Pylon  
  67  5:30  Probe, Adept x2  
  67  5:32  Probe  
  67  5:34  Warp Prism (Chrono Boost)  
  63  5:41  Sentry  
  62  5:52  Nexus  
  62  5:54  Pylon, Sentry x2  
  66  6:01  Probe  
  66  6:03  Probe, Sentry  
  70  6:04  Sentry  
  72  6:12  Probe  
  72  6:15  Sentry  
  75  6:19  Adept x2  
  75  6:22  Pylon, Probe x2  
  75  6:24  Stalker  
  83  6:28  Adept x2  
  87  6:34  Probe  
  88  6:45  Immortal (Chrono Boost)  
  86  7:02  Pylon  
  86  7:06  Pylon  
  86  7:07  Pylon, Adept x2  
  86  7:08  Adept x4  
  97  7:10  Pylon  
  94  7:19  Pylon  
  94  7:21  Pylon  
  84  7:22  Pylon  
  82  7:30  Zealot x4  
  84  7:40  Immortal (Chrono Boost)  
  78  7:54  Sentry x2  
  78  7:55  Sentry, Adept x3  
  90  8:02  Pylon  
  90  8:04  Sentry x2  
  88  8:20  Adept x5  
  92  8:32  Adept x3  
  88  8:51  Sentry x2  
  88  8:52  Sentry  
  88  8:54  Adept  
  88  8:55  Zealot, Nexus  
  70  9:19  Adept x2  
  70  9:20  Adept  
  70  9:21  Adept x3  
  72  9:29  Immortal (Chrono Boost)  
  60  9:34  Adept x2  
  60  9:44  Sentry x2  
  60  9:45  Adept  
  63  9:54  Zealot x2  
  63  9:55  Zealot  
  63  9:59  Cybernetics Core  
  69  10:04  Immortal (Chrono Boost)  
  73  10:12  Zealot x3  
  78  10:35  Sentry  
  80  10:36  Adept x5  
  80  10:40  Sentry  
  96  10:56  Warp Prism (Chrono Boost)  
  94  11:00  Adept x2  
  94  11:01  Adept x3  
  104  11:06  Sentry x2  
  86  11:26  Stalker x4  
  62  11:49  Sentry x2, Stalker x2  
  62  11:50  Stalker  
  68  12:06  Adept x2  
  72  12:11  Adept  
  72  12:12  Adept x2  
Tags
 
Add a new tag
Caveats
  • Supply blocks, unpowered buildings, or Contaminate may cause inaccurate times.
  • Supply counts are checked every 10 seconds.